 Dungeon Crawl Stone Soup version 0.23.2-1-ga50397a (webtiles) character file.

Game seed: 3243098427355504459

1682 andrewb111 the Carver (level 9, -1/68 HPs)
             Began as a Merfolk Gladiator on May 26, 2019.
             Succumbed to a kobold's poison
             ... on level 8 of the Dungeon on May 27, 2019.
             The game lasted 00:23:04 (7487 turns).

andrewb111 the Carver (Merfolk Gladiator)           Turns: 7487, Time: 00:23:05

Health: -1/68      AC: 13    Str: 18    XL:     9   Next: 2%
Magic:  9/9        EV:  7    Int:  7    God:
Gold:   31         SH:  4    Dex: 15    Spells: 7/8 levels left

rFire    + . .     SeeInvis .   a - +2 long sword
rCold    . . .     Gourm    .   q - +0 buckler (curse)
rNeg     . . .     Faith    .   v - +0 plate armour
rPois    .         Spirit   .   (helmet restricted)
rElec    +         Reflect  .   s - +0 cloak
rCorr    .         Harm     .   (no gloves)
MR       .....                  (no boots)
Stlth    ..........             (no amulet)
HPRegen  0.21/turn              n - ring of flight
MPRegen  0.11/turn              z - ring of protection from fire

@: lethally poisoned (-1 -> -25)
A: change form in water, swift swim, stealthy swim, beak, electricity resistance
a: Evoke Flight


You were on level 8 of the Dungeon.
You were not hungry.

You visited 1 branch of the dungeon, and saw 8 of its levels.

You collected 31 gold pieces.

Inventory:

Hand Weapons
 a - a +2 long sword (weapon)
 g - a cursed -2 hunting sling
 t - a +0 mace
Missiles
 d - 3 throwing nets (quivered)
 h - 20 sling bullets
Armour
 b - a +1 leather armour
 c - a +0 helmet
 f - a +0 chain mail
 q - a cursed +0 buckler (worn)
 s - a +0 cloak (worn)
 v - a +0 plate armour (worn)
Jewellery
 n - a ring of flight (left hand)
 z - a ring of protection from fire (right hand)
Scrolls
 e - a scroll of noise
 k - 2 scrolls of identify
 m - a scroll of teleportation
 w - 2 scrolls of amnesia
 x - a scroll of magic mapping {unknown}
 y - a scroll of remove curse
 A - a scroll of summoning {unknown}
Potions
 i - a potion of flight
 o - a potion of curing
 u - 3 potions of might
Comestibles
 j - 2 rations


   Skills:
 + Level 5.2 Fighting
 + Level 8.7 Long Blades
 + Level 2.1 Throwing
 + Level 4.1 Armour
 + Level 5.1 Dodging
 + Level 2.0 Stealth
 + Level 1.8 Shields
 + Level 1.0 Evocations


You had 7 spell levels left.
You knew the following spells:

 Your Spells              Type           Power        Failure   Level  Hunger
a - Shock                 Conj/Air       #...         100%        1    ##.....

Your spell library contained the following spells:

 Spells                   Type           Power        Failure   Level  Hunger
 Swiftness                Chrm/Air       #.......     100%        2    ###....
 Static Discharge         Conj/Air       #.......     100%        3    ####...
 Airstrike                Air            #.........   100%        4    #####..
 Lightning Bolt           Conj/Air       #.........   100%        5    ######.


Dungeon Overview and Level Annotations

Branches:
Dungeon (8/15)             Temple (0/1) D:7
   Lair: D:8-11

Altars:
Elyvilon
Xom

Annotations:
D:7 Maurice


Innate Abilities, Weirdness & Mutations

You revert to your normal form in water You are very nimble and swift while swimming.
You are very stealthy in the water. (Stealth+)
You have a beak for a mouth.
You are resistant to electric shocks. (rElec)


Message History

Found 17 stones and 2 potions of flight.
Found a stone staircase leading down.
There is a stone staircase leading up here.
Things that are here:
a poisoned needle; a stone
* * * LOW HITPOINT WARNING * * *
You feel sick.
The big kobold throws a stone.
The stone hits you but does no damage.
Found 19 gold pieces.
You see here a stone.
* * * LOW HITPOINT WARNING * * *
You feel sick.
* * * LOW HITPOINT WARNING * * *
You feel sick.
The kobold shoots a poisoned needle.
The poisoned needle hits you!
You are more poisoned.
The kobold barely misses you.
You riposte.
You slash the kobold!
You kill the kobold!
You see here 17 stones.
You die...

#.....##...... ...
##K............
....#...!..........
....#..............
.................oo
........K.KK.o.o...
...........o#
.........)(.##...
#...@(.........
##.............
##..#......#$.
#...#......# .
##.##.....#.. ..
.....###.. #..
....## ## ### #####


You could see a big kobold, an orc priest, an orc and 3 kobolds.

Vanquished Creatures
  A hippogriff (D:8)
  An orc warrior (D:7)
  A sky beast (D:7)
  An ogre (D:6)
  3 centaurs
  A wyvern zombie (D:6)
  A scorpion (D:7)
  A howler monkey (D:4)
  A crimson imp (D:6)
  4 hounds
  A centaur zombie (D:8)
  An orc priest (D:5)
  Crazy Yiuf (D:3)
  2 orc wizards
  A bullfrog skeleton (D:4)
  An iguana (D:6)
  4 worker ants
  A killer bee zombie (D:7)
  A hound skeleton (D:7)
  A worker ant zombie (D:5)
  13 gnolls
  7 adders
  2 shadow imps (D:6)
  An adder zombie (D:5)
  An adder skeleton (D:7)
  3 worms
  A dart slug (D:3)
  2 leopard geckos
  22 orcs
  4 giant cockroaches
  16 goblins
  14 hobgoblins
  3 jackals (D:7)
  14 kobolds
  3 quokkas
  A ball python (D:6)
  5 bats (D:1)
  9 frilled lizards
  A goblin zombie (D:5)
  8 rats
159 creatures vanquished.

Vanquished Creatures (others)
  A quokka (D:6)
1 creature vanquished.

Grand Total: 160 creatures vanquished

Notes
Turn   | Place    | Note
-------+----------+-------------------------------------------
     0 | D:1      | andrewb111 the Merfolk Gladiator began the quest for the
                  | Orb.
     0 | D:1      | Reached XP level 1. HP: 16/16 MP: 1/1
   252 | D:1      | Reached XP level 2. HP: 10/22 MP: 2/2
   622 | D:2      | Reached XP level 3. HP: 13/28 MP: 3/3
   675 | D:2      | Reached skill level 4 in Long Blades
  1255 | D:2      | Reached XP level 4. HP: 34/34 MP: 4/4
  1267 | D:2      | Reached skill level 1 in Armour
  1984 | D:3      | Found a runed translucent door.
  1985 | D:3      | Noticed Crazy Yiuf
  2439 | D:3      | Killed Crazy Yiuf
  2439 | D:3      | Reached XP level 5. HP: 14/39 MP: 0/5
  2916 | D:4      | Reached skill level 5 in Long Blades
  3286 | D:4      | Reached XP level 6. HP: 33/47 MP: 6/6
  3793 | D:5      | Entered Level 5 of the Dungeon
  4089 | D:5      | Reached skill level 6 in Long Blades
  4144 | D:5      | Found a sand-covered staircase.
  4561 | D:5      | Found a shimmering altar of Xom.
  4569 | D:5      | Found a shimmering altar of Xom.
  4569 | D:5      | Found a shimmering altar of Xom.
  4569 | D:5      | Found a shimmering altar of Xom.
  4570 | D:5      | Found a shimmering altar of Xom.
  4573 | D:5      | Found a shimmering altar of Xom.
  4573 | D:5      | Found a shimmering altar of Xom.
  4608 | D:5      | Reached XP level 7. HP: 41/52 MP: 7/7
  4808 | D:5      | Reached skill level 5 in Dodging
  4815 | D:5      | Gained mutation: You are resistant to electric shocks.
                  | (rElec) [potion of mutation]
  4815 | D:5      | Gained mutation: You have a beak for a mouth. [potion of
                  | mutation]
  4895 | D:5      | Reached skill level 1 in Stealth
  5615 | D:6      | Learned a level 1 spell: Shock
  5916 | D:6      | Reached skill level 7 in Long Blades
  6035 | D:6      | Found a white marble altar of Elyvilon.
  6201 | D:6      | Reached XP level 8. HP: 39/61 MP: 8/8
  6688 | D:7      | Found a staircase to the Ecumenical Temple.
  6770 | D:7      | Reached skill level 1 in Evocations
  6919 | D:7      | Reached skill level 8 in Long Blades
  7334 | D:8      | Reached skill level 5 in Fighting
  7379 | D:8      | Reached skill level 1 in Shields
  7390 | D:8      | Noticed a hippogriff
  7405 | D:8      | Killed a hippogriff
  7410 | D:8      | Reached XP level 9. HP: 38/68 MP: 9/9
  7415 | D:8      | Noticed Maurice
  7485 | D:8      | HP: 3/68 [poisoned by a kobold]
  7487 | D:8      | Succumbed to a kobold's poison

Skill      XL: |  1  2  3  4  5  6  7  8 |
---------------+-------------------------+-----
Long Blades    | 4 5 6 7 8 |  8.7
Armour         | 1 2 3 4 |  4.1
Fighting       | 3 4 5 |  5.2
Dodging        | 5 |  5.1
Stealth        | 1 2 |  2.0
Evocations     | 1 |  1.0
Shields        | 1 |  1.8
Throwing       | |  2.1

Action                   |  1- 3 |  4- 6 |  7- 9 || total
-------------------------+-------+-------+-------++-------
Melee: Long sword        |    65 |   215 |   276 ||   556
       Peck              |       |       |    61 ||    61
 Abil: Evoke Flight      |       |       |     1 ||     1
  Use: Potion            |     4 |     2 |     7 ||    13
       Scroll            |     3 |     7 |     3 ||    13
  Eat: Chunk             |       |     8 |       ||     8
       Ration            |       |     1 |     3 ||     4
Armor: Leather armour    |    30 |     4 |       ||    34
       Chain mail        |       |   102 |    74 ||   176
       Plate armour      |       |       |   148 ||   148
Dodge: Dodged            |    63 |   112 |   122 ||   297
Block: Buckler           |       |       |    40 ||    40
       Rpst.: Long sword |    26 |    38 |    40 ||   104
